AA
CHARLESTON REBELS @ EUREKA SPRINGS ENERGY
07/03/2060
 
TOP OF THE 1ST
Charleston Rebels batting - Pitching for Eureka Springs Energy : RHP Kian Baxter
Pitching: RHP Kian Baxter
Batting: LHB Devin Clark 0-0: SINGLE (Groundball, P, EV 84.4 MPH) (infield hit)
Batting: RHB Brant Hartman 0-0: Fly out, F7 (Flyball, 7D, EV 93.1 MPH)
Batting: RHB Quinton Powell 0-0: Ball
Devin Clark steals 2nd base
1-0: Called Strike
Devin Clark steals 3rd, throwing error, E2
Devin Clark scores
1-1: Foul Ball, location: 2F
1-2: Foul Ball, location: 2F
1-2: Strikes out swinging
Batting: LHB Chase Leyendecker 0-0: Ball
1-0: Ball
2-0: Called Strike
2-1: Fly out, F8 (Flyball, 8LM, EV 93.8 MPH)
Top of the 1st over - 1 run, 1 hit, 1 error, 0 left on base; Charleston 1 - Eureka Springs 0
BOTTOM OF THE 1ST
Eureka Springs Energy batting - Pitching for Charleston Rebels : RHP Jewell Oghnikian
Pitching: RHP Jewell Oghnikian
Batting: LHB Jalen Gattuso 0-0: Fly out, F8 (Flyball, 89D, EV 93.1 MPH)
Batting: RHB Billy Thweatt 0-0: Ball
1-0: Foul Ball, location: 2F
1-1: Ground out 6-3 (Groundball, 6S, EV 83.1 MPH)
Batting: LHB Tristan Janis 0-0: SINGLE (Groundball, 6S, EV 69.4 MPH) (infield hit)
Batting: RHB Ryan Whiting 0-0: Ball
1-0: Fielders Choice at 2nd, 5-4 (Groundball, 5, EV 84.4 MPH)
Bottom of the 1st over - 0 runs, 1 hit, 0 errors, 1 left on base; Charleston 1 - Eureka Springs 0
TOP OF THE 2ND
Charleston Rebels batting - Pitching for Eureka Springs Energy : RHP Kian Baxter
Batting: RHB Zachary LaFerriere 0-0: Ball
1-0: Ball
2-0: Ball
3-0: Base on Balls
Batting: LHB Roman Averette 0-0: SINGLE (Groundball, 34D, EV 105.6 MPH)
Zachary LaFerriere to second
Runner from 2nd tries for 3rd, SAFE, throw by RF made to third
Batting: LHB Benardrick Bajraktari 0-0: DOUBLE (Line Drive, 7LM, EV 100.0 MPH)
Zachary LaFerriere scores
Roman Averette to third
Batting: RHB Jarred Franklin 0-0: Called Strike
0-1: Ball
1-1: Fly out, F8 (Flyball, 8RD, EV 100.6 MPH)
Runner from 3rd tags up, SCORES, throw by CF
Benardrick Bajraktari to third
Batting: RHB Killian Gachukia 0-0: Ball
1-0: Ball
2-0: Called Strike
2-1: Ball
3-1: Base on Balls
Batting: LHB Devin Clark 0-0: Called Strike
Killian Gachukia is caught stealing 2nd base 2-6
0-1: Fly out, F3 (Popup, 3S, EV 75.6 MPH)
Top of the 2nd over - 2 runs, 2 hits, 0 errors, 1 left on base; Charleston 3 - Eureka Springs 0
BOTTOM OF THE 2ND
Eureka Springs Energy batting - Pitching for Charleston Rebels : RHP Jewell Oghnikian
Batting: RHB Bailey Ray 0-0: Fly out, F7 (Flyball, 7, EV 88.8 MPH)
Batting: RHB Stefan Lehn 0-0: Called Strike
0-1: Ball
1-1: Fly out, F8 (Line Drive, 8RM, EV 98.8 MPH)
Batting: SHB Jeremy Arth 0-0: Ball
1-0: Ball
2-0: Foul Ball, location: 2F
2-1: Ball
3-1: Foul Ball, location: 2F
3-2: Foul Ball, location: 2F
3-2: Base on Balls
Batting: RHB Liam Wroten 0-0: Called Strike
0-1: Foul Ball, location: 2F
0-2: Ball
1-2: Ball
2-2: Strikes out looking
Bottom of the 2nd over - 0 runs, 0 hits, 0 errors, 1 left on base; Charleston 3 - Eureka Springs 0
TOP OF THE 3RD
Charleston Rebels batting - Pitching for Eureka Springs Energy : RHP Kian Baxter
Batting: RHB Brant Hartman 0-0: Ball
1-0: Called Strike
1-1: Ball
2-1: Ball
3-1: Foul Ball, location: 2F
3-2: Base on Balls
Batting: RHB Quinton Powell 0-0: Called Strike
0-1: SINGLE (Flyball, 5D, EV 90.0 MPH)
Brant Hartman to second
Batting: LHB Chase Leyendecker 0-0: Ball
1-0: Swinging Strike
1-1: Fly out, F6 (Popup, 6, EV 58.1 MPH)
Batting: RHB Zachary LaFerriere 0-0: Ball
1-0: Grounds into double play, 5-4-3 (Groundball, 56, EV 86.9 MPH)
Top of the 3rd over - 0 runs, 1 hit, 0 errors, 1 left on base; Charleston 3 - Eureka Springs 0
BOTTOM OF THE 3RD
Eureka Springs Energy batting - Pitching for Charleston Rebels : RHP Jewell Oghnikian
Batting: RHB Joey Hackett 0-0: Fly out, F8 (Flyball, 8LS, EV 90.6 MPH)
Batting: LHB Jalen Gattuso 0-0: Ball
1-0: Called Strike
1-1: Swinging Strike
1-2: Strikes out swinging
Batting: RHB Billy Thweatt 0-0: Foul Ball, location: 2F
0-1: Swinging Strike
0-2: Ball
1-2: Foul Ball, location: 2F
1-2: Strikes out swinging
Bottom of the 3rd over - 0 runs, 0 hits, 0 errors, 0 left on base; Charleston 3 - Eureka Springs 0
TOP OF THE 4TH
Charleston Rebels batting - Pitching for Eureka Springs Energy : RHP Kian Baxter
Batting: LHB Roman Averette 0-0: Swinging Strike
0-1: SINGLE (Groundball, 6D, EV 104.4 MPH)
Batting: LHB Benardrick Bajraktari 0-0: Foul Ball, location: 2F
0-1: SINGLE (Line Drive, 78S, EV 98.1 MPH)
Roman Averette to second
Batting: RHB Jarred Franklin 0-0: Ball
1-0: Ball
2-0: Called Strike
2-1: SINGLE (Line Drive, 9LS, EV 95.0 MPH)
Roman Averette to third
Benardrick Bajraktari to second
Runner from 3rd tries for Home, SAFE, throw by RF to home
Batting: RHB Killian Gachukia 0-0: Called Strike
0-1: Ball
1-1: Grounds into double play, 5-4-3 (Groundball, 56S, EV 91.9 MPH)
Benardrick Bajraktari to third
Batting: LHB Devin Clark 0-0: SINGLE (Line Drive, 89S, EV 91.9 MPH)
Benardrick Bajraktari scores
Batting: RHB Brant Hartman 0-0: Called Strike
0-1: Swinging Strike
0-2: Hit by Pitch
Devin Clark to second
Pitching: LHP Cole Oliver
Batting: RHB Quinton Powell 0-0: Ball
1-0: Reached on error, E6 (Groundball, 56, EV 93.1 MPH)
Devin Clark to third
Brant Hartman to second
Batting: LHB Chase Leyendecker 0-0: Ball
1-0: Swinging Strike
1-1: Swinging Strike
1-2: Foul Ball, location: 2F
1-2: Foul Ball, location: 2F
1-2: Ball
2-2: Fly out, F8 (Flyball, 78D, EV 101.9 MPH)
Top of the 4th over - 2 runs, 4 hits, 1 error, 3 left on base; Charleston 5 - Eureka Springs 0
BOTTOM OF THE 4TH
Eureka Springs Energy batting - Pitching for Charleston Rebels : RHP Jewell Oghnikian
Batting: LHB Tristan Janis 0-0: Swinging Strike
0-1: Ball
1-1: Ball
2-1: Ball
3-1: SINGLE (Line Drive, 7S, EV 93.1 MPH)
Batting: RHB Ryan Whiting 0-0: Ball
1-0: Called Strike
1-1: Foul Ball, location: 2F
1-2: Strikes out swinging
Batting: RHB Bailey Ray 0-0: Fly out, F8 (Line Drive, 8LM, EV 91.9 MPH)
Batting: RHB Stefan Lehn 0-0: Swinging Strike
0-1: Ball
1-1: Swinging Strike
1-2: Strikes out swinging
Bottom of the 4th over - 0 runs, 1 hit, 0 errors, 1 left on base; Charleston 5 - Eureka Springs 0
TOP OF THE 5TH
Charleston Rebels batting - Pitching for Eureka Springs Energy : LHP Cole Oliver
Batting: RHB Zachary LaFerriere 0-0: Fly out, F7 (Line Drive, 78M, EV 103.8 MPH)
Batting: LHB Roman Averette 0-0: Ball
1-0: Ball
2-0: SINGLE (Groundball, 6D, EV 110.0 MPH)
Batting: LHB Benardrick Bajraktari 0-0: Called Strike
0-1: Ball
1-1: Foul Ball, location: 2F
1-2: SINGLE (Line Drive, 6M, EV 98.1 MPH)
Roman Averette to second
Batting: RHB Jarred Franklin 0-0: Swinging Strike
0-1: Fielders Choice at 2nd, 1-6 (Groundball, 13S, EV 67.5 MPH)
Roman Averette to third
Batting: RHB Killian Gachukia 0-0: Ball
1-0: Fly out, F7 (Flyball, 7, EV 95.0 MPH)
Top of the 5th over - 0 runs, 2 hits, 0 errors, 2 left on base; Charleston 5 - Eureka Springs 0
BOTTOM OF THE 5TH
Eureka Springs Energy batting - Pitching for Charleston Rebels : RHP Jewell Oghnikian
Batting: SHB Jeremy Arth 0-0: Called Strike
0-1: Fly out, F9 (Flyball, 89S, EV 97.5 MPH)
Batting: RHB Liam Wroten 0-0: Ball
1-0: Ball
2-0: Called Strike
2-1: SINGLE (Groundball, 56D, EV 107.5 MPH)
Batting: RHB Joey Hackett 0-0: Foul Ball, location: 2F
0-1: SINGLE (Groundball, 56D, EV 107.5 MPH)
Liam Wroten to second
Batting: LHB Jalen Gattuso 0-0: Swinging Strike
0-1: Ball
1-1: Swinging Strike
1-2: Foul Ball, location: 2F
1-2: Strikes out swinging
Batting: RHB Billy Thweatt 0-0: Ball
1-0: Foul Ball, location: 2F
1-1: Ball
2-1: Swinging Strike
2-2: Ball
3-2: Foul Ball, location: 2F
3-2: Strikes out looking
Bottom of the 5th over - 0 runs, 2 hits, 0 errors, 2 left on base; Charleston 5 - Eureka Springs 0
TOP OF THE 6TH
Charleston Rebels batting - Pitching for Eureka Springs Energy : LHP Cole Oliver
Batting: LHB Devin Clark 0-0: Called Strike
0-1: Ball
1-1: Swinging Strike
1-2: Fly out, F7 (Flyball, 7, EV 90.0 MPH)
Pitching: LHP James Hartnett
Batting: RHB Brant Hartman 0-0: Ball
1-0: Swinging Strike
1-1: Swinging Strike
1-2: Ball
2-2: Strikes out swinging
Batting: RHB Quinton Powell 0-0: Called Strike
0-1: Called Strike
0-2: Foul Ball, location: 2F
0-2: Foul Ball, location: 2F
0-2: Foul Ball, location: 2F
0-2: Ball
1-2: Ball
2-2: DOUBLE (Line Drive, 3D, EV 93.8 MPH)
Batting: LHB Chase Leyendecker 0-0: Called Strike
0-1: Fly out, F8 (Flyball, 89M, EV 85.0 MPH)
Top of the 6th over - 0 runs, 1 hit, 0 errors, 1 left on base; Charleston 5 - Eureka Springs 0
BOTTOM OF THE 6TH
Eureka Springs Energy batting - Pitching for Charleston Rebels : RHP Jewell Oghnikian
Batting: LHB Tristan Janis 0-0: Ball
1-0: Fly out, F9 (Flyball, 89S, EV 93.8 MPH)
Batting: RHB Ryan Whiting 0-0: Ball
1-0: Called Strike
1-1: Called Strike
1-2: Strikes out swinging
Batting: RHB Bailey Ray 0-0: Called Strike
0-1: Ball
1-1: Swinging Strike
1-2: Ball
2-2: Ball
3-2: Fly out, F9 (Line Drive, 9LM, EV 90.0 MPH)
Bottom of the 6th over - 0 runs, 0 hits, 0 errors, 0 left on base; Charleston 5 - Eureka Springs 0
TOP OF THE 7TH
Charleston Rebels batting - Pitching for Eureka Springs Energy : LHP James Hartnett
Batting: RHB Zachary LaFerriere 0-0: Ball
1-0: Foul Ball, location: 2F
1-1: Fly out, F9 (Flyball, 9LS, EV 86.9 MPH)
Batting: LHB Roman Averette 0-0: Ball
1-0: Foul Ball, location: 2F
1-1: Called Strike
1-2: Ball
2-2: Foul Ball, location: 2F
2-2: Ball
3-2: Foul Ball, location: 2F
3-2: Fly out, F8 (Flyball, 8LD, EV 100.6 MPH)
Batting: LHB Benardrick Bajraktari 0-0: Called Strike
0-1: Ball
1-1: SINGLE (Line Drive, 56, EV 97.5 MPH)
Pitching: RHP Mike Reppert
Batting: RHB Jarred Franklin 0-0: Ball
1-0: Called Strike
1-1: Swinging Strike
1-2: Foul Ball, location: 2F
1-2: SINGLE (Groundball, 56D, EV 94.4 MPH)
Benardrick Bajraktari to second
Batting: RHB Killian Gachukia 0-0: Called Strike
0-1: Swinging Strike
0-2: Strikes out swinging
Top of the 7th over - 0 runs, 2 hits, 0 errors, 2 left on base; Charleston 5 - Eureka Springs 0
BOTTOM OF THE 7TH
Eureka Springs Energy batting - Pitching for Charleston Rebels : RHP Jewell Oghnikian
Batting: RHB Stefan Lehn 0-0: Ball
1-0: Ball
2-0: Ball
3-0: Called Strike
3-1: Base on Balls
Batting: SHB Jeremy Arth 0-0: DOUBLE (Groundball, 3L, EV 103.8 MPH)
Stefan Lehn to third
Runner from 3rd tries for Home, SAFE, no throw by RF
Batting: RHB Liam Wroten 0-0: Called Strike
0-1: Called Strike
0-2: Ground out 4-3 (Groundball, 4, EV 87.5 MPH)
Jeremy Arth to third
Batting: RHB Joey Hackett 0-0: Foul Ball, location: 2F
0-1: Ball
1-1: Ball
2-1: SINGLE (Flyball, 8LS, EV 89.4 MPH)
Jeremy Arth scores
Batting: LHB Jalen Gattuso 0-0: Ball
1-0: Called Strike
1-1: Ball
2-1: Foul Ball, location: 2F
2-2: Foul Ball, location: 2F
2-2: Ball
3-2: Fly out, F9 (Flyball, 9D, EV 98.1 MPH)
Pitching: LHP Devin Green
Batting: RHB Billy Thweatt 0-0: Ball
1-0: Called Strike
1-1: SINGLE (Line Drive, 8RS, EV 106.2 MPH)
Joey Hackett to second
Batting: LHB Tristan Janis 0-0: SINGLE (Flyball, 7LS, EV 91.9 MPH)
Joey Hackett to third
Billy Thweatt to second
Batting: RHB Ryan Whiting 0-0: Ball
Wild Pitch!
Joey Hackett scores
Billy Thweatt to third
Tristan Janis to second
1-0: Called Strike
1-1: Foul Ball, location: 2F
1-2: Ground out U3 (Groundball, 3, EV 105.0 MPH)
Bottom of the 7th over - 3 runs, 4 hits, 0 errors, 2 left on base; Charleston 5 - Eureka Springs 3
TOP OF THE 8TH
Charleston Rebels batting - Pitching for Eureka Springs Energy : RHP Mike Reppert
Batting: LHB Devin Clark 0-0: Ball
1-0: Called Strike
1-1: Foul Ball, location: 2F
1-2: Ball
2-2: SINGLE (Line Drive, 89M, EV 96.9 MPH)
Batting: RHB Brant Hartman 0-0: Swinging Strike
Devin Clark steals 2nd, throwing error, E2
Devin Clark to third
0-1: Foul Ball, location: 2F
0-2: Ground out 6-3 (Groundball, 6S, EV 82.5 MPH)
Devin Clark scores
Batting: RHB Quinton Powell 0-0: Called Strike
0-1: Foul Ball, location: 2F
0-2: Strikes out looking
Batting: LHB Chase Leyendecker 0-0: Ball
1-0: Ball
2-0: Foul Ball, location: 2F
2-1: Swinging Strike
2-2: Strikes out looking
Top of the 8th over - 1 run, 1 hit, 1 error, 0 left on base; Charleston 6 - Eureka Springs 3
BOTTOM OF THE 8TH
Eureka Springs Energy batting - Pitching for Charleston Rebels : LHP Devin Green
Batting: RHB Bailey Ray 0-0: Called Strike
0-1: Called Strike
0-2: Ball
1-2: Ball
2-2: Foul Ball, location: 2F
2-2: Ball
3-2: Strikes out swinging
Batting: RHB Stefan Lehn 0-0: Ball
1-0: Ball
2-0: Foul Ball, location: 2F
2-1: Foul Ball, location: 2F
2-2: Ball
3-2: Base on Balls
Batting: SHB Jeremy Arth 0-0: Ball
1-0: Foul Ball, location: 2F
1-1: Fly out, F7 (Flyball, 78XD, EV 98.8 MPH)
Batting: RHB Liam Wroten 0-0: Ball
1-0: Called Strike
1-1: Ball
2-1: Swinging Strike
2-2: Strikes out looking
Bottom of the 8th over - 0 runs, 0 hits, 0 errors, 1 left on base; Charleston 6 - Eureka Springs 3
TOP OF THE 9TH
Charleston Rebels batting - Pitching for Eureka Springs Energy : RHP Mike Reppert
Batting: RHB Zachary LaFerriere 0-0: Ball
1-0: Ball
2-0: Reached on error, E5 (Groundball, 56, EV 101.2 MPH)
Pitching: RHP Brendan Kelly
Batting: LHB Roman Averette 0-0: Ball
1-0: Ball
2-0: Ball
3-0: Called Strike
3-1: Called Strike
3-2: Base on Balls
Batting: LHB Benardrick Bajraktari 0-0: Ball
1-0: Ball
2-0: Called Strike
2-1: Ball
3-1: Foul Ball, location: 2F
3-2: Strikes out swinging
Batting: RHB Jarred Franklin 0-0: Ball
1-0: Ball
2-0: Fly out, F9 (Line Drive, 89M, EV 90.6 MPH)
Batting: RHB Killian Gachukia 0-0: Called Strike
0-1: Foul Ball, location: 2F
0-2: Foul Ball, location: 2F
0-2: Ball
1-2: Ball
2-2: Strikes out looking
Top of the 9th over - 0 runs, 0 hits, 1 error, 2 left on base; Charleston 6 - Eureka Springs 3
BOTTOM OF THE 9TH
Eureka Springs Energy batting - Pitching for Charleston Rebels : LHP Devin Green
Pitching: RHP Ammon Ortiz
Batting: RHB Joey Hackett 0-0: Ball
1-0: Ball
2-0: Ground out 6-3 (Groundball, 6M, EV 88.1 MPH)
Batting: LHB Jalen Gattuso 0-0: Foul Ball, location: 2F
0-1: Called Strike
0-2: SINGLE (Groundball, 6M, EV 106.2 MPH)
Batting: RHB Billy Thweatt 0-0: Fielders Choice at 2nd, 6-4 (Groundball, 6M, EV 83.1 MPH)
Batting: LHB Tristan Janis 0-0: Called Strike
0-1: Foul Ball, location: 2F
0-2: Ball
1-2: Strikes out swinging wild pitch, reaches first!
Billy Thweatt to second
Batting: RHB Ryan Whiting 0-0: Called Strike
0-1: Swinging Strike
0-2: Strikes out swinging
Bottom of the 9th over - 0 runs, 1 hit, 0 errors, 2 left on base; Charleston 6 - Eureka Springs 3
Monday, May 13th , 2024 - OOTP Baseball 23.10 Build 110